 Dungeon Crawl Stone Soup version 0.18.1-5-g4a78601 (webtiles) character file.

125 uglyjohn the Covered (level 4, -1/37 HPs)
             Began as a Minotaur Hunter on May 11, 2016.
             Slain by mg7810's ghost (5 damage)
             ... on level 3 of the Dungeon.
             The game lasted 00:04:38 (1717 turns).

uglyjohn the Covered (Minotaur Hunter)              Turns: 1717, Time: 00:04:39

Health: -1/37      AC:  8    Str: 18    XL:     4   Next: 82%
Magic:  3/3        EV: 11    Int:  6    God:
Gold:   41         SH:  0    Dex: 10    Spells: 0 memorised, 3 levels left

rFire  . . .     SeeInvis .     a - +1 hand crossbow
rCold  . . .     Gourm    .     l - +1 ring mail (curse)
rNeg   . . .     Faith    .     (no shield)
rPois  .         Spirit   .     (helmet restricted)
rElec  .         Dismiss  .     (no cloak)
rCorr  .         Reflect  .     (no gloves)
SustAt .         Harm     .     e - +0 pair of boots
MR     .....                    (no amulet)
Stlth  +.........               o - -5 ring of intelligence (curse)
                                t - +3 ring of intelligence

@: flying, not resistant to hostile enchantments, very unstealthy
A: retaliatory headbutt, horns 2
a: no special abilities


You were on level 3 of the Dungeon.
You were hungry.

You visited 1 branch of the dungeon, and saw 3 of its levels.

You collected 41 gold pieces.

Inventory:

Hand Weapons
 a - a +1 hand crossbow (weapon)
 b - a +2 short sword of draining
Missiles
 d - 11 bolts (quivered)
Armour
 c - a +0 leather armour
 e - a +0 pair of boots (worn)
 l - a cursed +1 ring mail (worn)
Jewellery
 h - an uncursed ring of protection from magic
 o - a cursed -5 ring of intelligence (right hand)
 s - an uncursed ring of ice {unknown}
 t - a +3 ring of intelligence (left hand)
Scrolls
 g - 5 scrolls of identify
 j - 4 scrolls of fear
Potions
 k - a potion of degeneration {unknown}
 m - a potion of mutation {unknown}
Comestibles
 f - 3 bread rations
 p - a beef jerky


   Skills:
 - Level 2.4 Fighting
 - Level 4.3 Crossbows
 + Level 5.5 Armour
 - Level 2.1 Dodging
 - Level 0.7 Stealth


You had 3 spell levels left.
You didn't know any spells.

Dungeon Overview and Level Annotations

Branches:
Dungeon (3/15)

Altars:
Ashenzari
Dithmenos

Annotations:
D:3 mg7810's ghost, amateur MiMo


Innate Abilities, Weirdness & Mutations

You reflexively headbutt those who attack you in melee.
You have a pair of horns on your head.


Message History

Aim: mg7810's ghost (heavily damaged)
You shoot a bolt.
The bolt hits mg7810's ghost but does no damage.
Mg7810's ghost is heavily damaged.
Mg7810's ghost misses you.
Firing (i - inventory):
d - 13 bolts (quivered)
Press: ? - help, Shift-Dir - straight line, f/p - mg7810's ghost
Aim: mg7810's ghost (heavily damaged)
You shoot a bolt. The bolt barely misses mg7810's ghost.
Mg7810's ghost completely misses you.
Firing (i - inventory):
d - 12 bolts (quivered)
Press: ? - help, Shift-Dir - straight line, f/p - mg7810's ghost
Aim: mg7810's ghost (heavily damaged)
You shoot a bolt.
The bolt hits mg7810's ghost but does no damage.
Mg7810's ghost is heavily damaged.
Mg7810's ghost hits you!
* * * LOW HITPOINT WARNING * * *
Mg7810's ghost hits you.
You die...

. .# _. .##
... ..# ...%
####..#
.....#.....#
.# #.⌠......#
#.#
####...#####
...#
.#(...(.W@..#
##..#
..#..###.###.#
#...##'##..
#.. #
.......... #
.###
........##.#..
........'.....
........# ..%.
.......######.
#....>##


You could see mg7810's ghost.

Vanquished Creatures
  Jessica (D:2)
  4 adders
  3 dart slugs
  4 giant geckos
  3 goblins
  8 hobgoblins
  3 jackals (D:2)
  7 bats
  3 giant newts
  9 kobolds
  11 rats
56 creatures vanquished.

Notes
Turn   | Place    | Note
--------------------------------------------------------------
     0 | D:1      | uglyjohn the Minotaur Hunter began the quest for the Orb.
     0 | D:1      | Reached XP level 1. HP: 18/18 MP: 0/0
    51 | D:1      | Reached skill level 1 in Armour
    93 | D:1      | Reached skill level 2 in Armour
    93 | D:1      | Reached XP level 2. HP: 23/25 MP: 1/1
   364 | D:1      | Reached skill level 3 in Armour
   524 | D:1      | Reached XP level 3. HP: 30/30 MP: 2/2
   729 | D:2      | Noticed Jessica
   735 | D:2      | Killed Jessica
   735 | D:2      | Reached skill level 4 in Armour
   735 | D:2      | Reached XP level 4. HP: 17/37 MP: 3/3
  1117 | D:2      | Reached skill level 5 in Armour
  1326 | D:2      | Found a shadowy altar of Dithmenos.
  1695 | D:3      | Noticed mg7810's ghost (amateur MiMo)
  1695 | D:3      | Found a shattered altar of Ashenzari.
  1717 | D:3      | Slain by mg7810's ghost

Skill      XL: |  1  2  3  4 |
---------------+-------------+-----
Armour         | 2 3 4 5 |  5.5
Fighting       | |  2.4
Crossbows      | |  4.3
Dodging        | |  2.1
Stealth        | |  0.7

Action                   |  1- 3 |  4- 6 || total
-------------------------+-------+-------++-------
Melee: Short sword       |    40 |    44 ||    84
       Headbutt          |     6 |     7 ||    13
 Fire: Hand crossbow     |    31 |    17 ||    48
  Use: Scroll            |       |     4 ||     4
       Potion            |       |     1 ||     1
  Eat: Chunk             |       |     2 ||     2
Armor: Leather armour    |     5 |       ||     5
       Ring mail         |    15 |    24 ||    39
Dodge: Dodged            |    36 |    46 ||    82
